 Dungeon Crawl Stone Soup version 0.19-a0-458-gfd99d95 (webtiles) character file.

202 Duskembrace the Jinx (level 5, -4/35 HPs)
             Began as a Vampire Enchanter on June 2, 2016.
             Slain by Edmund
             ... wielding a +3 flail of protection
              (9 damage)
             ... on level 4 of the Dungeon.
             The game lasted 00:10:45 (2960 turns).

Duskembrace the Jinx (Vampire Enchanter)            Turns: 2960, Time: 00:10:47

Health: -4/35      AC:  5    Str:  7    XL:     5   Next: 50%
Magic:  1/8        EV: 12    Int: 19    God:
Gold:   191        SH:  0    Dex: 14    Spells: 3 memorised, 2 levels left

rFire  . . .     SeeInvis +     q - +1 dagger (vamp)
rCold  + + .     Gourm    .     b - +1 robe
rNeg   + + +     Faith    .     (no shield)
rPois  +         Spirit   .     A - +0 helmet
rElec  .         Dismiss  .     v - +0 cloak
rCorr  .         Reflect  .     (no gloves)
SustAt .         Harm     .     (no boots)
MR     .....                    (no amulet)
Stlth  ++++......               (no ring)
                                (no ring)

@: very slightly contaminated, regenerating slowly, not resistant to hostile
enchantments, stealthy
A: fangs 3, see invisible, unbreathing
a: Bat Form


You were on level 4 of the Dungeon.
You were near bloodless.

You visited 1 branch of the dungeon, and saw 4 of its levels.

You collected 191 gold pieces.

Inventory:

Hand Weapons
 a - a +1 dagger
 f - a +0 antimagic dagger
 q - a +1 vampiric dagger (weapon)
 s - a +0 short sword of flaming
 u - a +0 blowgun
Missiles
 o - 18 poisoned needles
 t - 4 needles of sleeping
Armour
 b - a +1 robe (worn)
 v - a +0 cloak (worn)
 A - a +0 helmet (worn)
Jewellery
 p - an uncursed ring of protection from magic {unknown}
Scrolls
 e - 3 scrolls of remove curse {unknown}
 h - 3 scrolls of noise {unknown}
 i - 3 scrolls of amnesia {unknown}
 l - a scroll of fear {unknown}
 m - 4 scrolls of identify {unknown}
 n - a scroll of recharging {unknown}
 r - 2 scrolls of teleportation {unknown}
 y - 3 scrolls of fog {unknown}
 B - a scroll of enchant weapon {unknown}
Potions
 d - 9 potions of blood
 g - a potion of degeneration {unknown}
 j - a potion of curing {unknown}
 k - a potion of heal wounds {unknown}
 w - a potion of magic {unknown}
 x - 2 potions of ambrosia {unknown}
 z - a potion of flight {unknown}
 C - 2 potions of lignification {unknown}
Books
 c - a book of Maledictions

   Spells                             Type                      Level
   a - Corona                         Hexes                        1
   b - Ensorcelled Hibernation        Hexes/Ice                    2
   c - Confuse                        Hexes                        3
   d - Tukima's Dance                 Hexes                        3
   e - Dazzling Spray                 Conjuration/Hexes            3


   Skills:
 - Level 1.1 Short Blades
 - Level 2.1 Dodging
 + Level 6.4 Stealth
 - Level 2.0 Spellcasting
 * Level 8.0 Hexes


You had 2 spell levels left.
You knew the following spells:

 Your Spells              Type           Power        Failure   Level  Hunger
a - Corona                Hex            ####...      1%          1    #......
b - Ensorcelled Hibernat  Hex/Ice        ###...       6%          2    ###....
c - Confuse               Hex            ####....     1%          3    ###....


Dungeon Overview and Level Annotations

Branches:
Dungeon (4/15)
 Temple: D:4-7

Altars:
Cheibriados
Elyvilon
Pakellas
Zin
The Shining One

Annotations:
D:4 Edmund


Innate Abilities, Weirdness & Mutations

You heal slowly.
You have razor-sharp teeth.
You have supernaturally acute eyesight. (SInv)
You can survive without breathing.


Message History

Confirm with . or Enter, or press ? or * to list all spells.
Aiming: Confuse
Press: ? - help, Shift-Dir - straight line, f/p - Edmund
Aim: Edmund, wielding a flail of protection and wearing a glowing leather armour (heavily wounded, chance to defeat MR: 61%) Edmund easily resists.
Edmund hits you with a flail of protection!
* * * LOW HITPOINT WARNING * * *
One of your 10 potions of blood rots away.
There is a stone staircase leading up here.
Edmund says, "I'm quite good with sums, too."
Casting: Confuse
Confirm with . or Enter, or press ? or * to list all spells.
Aiming: Confuse
Press: ? - help, Shift-Dir - straight line, f/p - Edmund
Aim: Edmund, wielding a flail of protection and wearing a glowing leather armour (heavily wounded, chance to defeat MR: 61%)
You miscast Confuse.
You are very lightly contaminated with residual magic.
You feel off-balance for a moment.
Edmund hits you with a flail of protection!
You die...

##...#.#.# #..#..........
.......#.######..#.........
##...#.................... ..#
....#.#.####.........###.####..#
##...#.#.# #.#..#..............#
#...#.#.####.#..#..#.###.## #..#
#...............#..#.###.# #.[#
#...#.#.####.#@..........# #..#
........####.##@#..##########..#
.............##.#..........@....
#.................#######..#
#..#####.#<................# #..
#.##.#.###.#######.?# ###
######## ### ####


You could see Edmund.

Vanquished Creatures
  A scorpion (D:4)
  A hound (D:4)
  Robin (D:4)
  4 adders
  3 worms (D:2)
  A dart slug (D:1)
  2 giant geckos
  3 orcs (D:3)
  5 giant cockroaches
  11 goblins
  10 hobgoblins
  A quokka (D:2)
  A ball python (D:3)
  A ball python skeleton (D:4)
  4 bats
  3 giant newts
  A jackal skeleton (D:3)
  5 kobolds
  3 rats
61 creatures vanquished.

Notes
Turn   | Place    | Note
--------------------------------------------------------------
     0 | D:1      | Duskembrace the Vampire Enchanter began the quest for the Orb.
     0 | D:1      | Reached XP level 1. HP: 13/13 MP: 3/3
   178 | D:1      | Reached skill level 5 in Hexes
   198 | D:1      | Reached XP level 2. HP: 16/19 MP: 5/5
   206 | D:1      | Learned a level 2 spell: Ensorcelled Hibernation
  1057 | D:2      | Reached XP level 3. HP: 11/24 MP: 6/6
  1062 | D:2      | Learned a level 3 spell: Confuse
  1689 | D:2      | Reached skill level 6 in Hexes
  1860 | D:2      | Reached skill level 5 in Stealth
  1947 | D:3      | Found a snail-covered altar of Cheibriados.
  1983 | D:3      | Found an oddly glowing altar of Pakellas.
  2018 | D:3      | Found a white marble altar of Elyvilon.
  2019 | D:3      | Found a glowing silver altar of Zin.
  2020 | D:3      | Found a glowing golden altar of the Shining One.
  2062 | D:3      | Found a faded altar of an unknown god.
  2167 | D:3      | Reached XP level 4. HP: 30/30 MP: 7/7
  2686 | D:4      | Noticed Robin
  2697 | D:4      | Killed Robin
  2697 | D:4      | Reached skill level 7 in Hexes
  2709 | D:4      | Reached XP level 5. HP: 35/35 MP: 3/8
  2779 | D:4      | Reached skill level 8 in Hexes
  2852 | D:4      | Noticed Edmund
  2960 | D:4      | Slain by Edmund

Vault maps used:
D:1:      dpeg_arrival_simpleton_b, corexii_hall_statues_l,
          minmay_misc_feat_cross
D:2:      minmay_door_path
D:3:      good_gods_temple_1, lemuel_round_altar, overflow_temple_1_default,
          ecumenical_altar_2
D:4:      minmay_temple_entry_glass, first_bread, uniq_eustachio, uniq_natasha,
          uniq_edmund, uniq_robin

Skill      XL: |  1  2  3  4  5 |
---------------+----------------+-----
Hexes          | 5 6 7 8 |  8.0
Stealth        | 5 6 |  6.4
Short Blades   | |  1.1
Dodging        | |  2.1
Spellcasting   | |  2.0

Action                   |  1- 3 |  4- 6 || total
-------------------------+-------+-------++-------
Melee: Dagger            |   101 |    70 ||   171
       Bite              |     8 |     6 ||    14
 Cast: Corona            |     1 |       ||     1
       Ensorcelled Hiber |    19 |    11 ||    30
       Confuse           |       |     5 ||     5
 Stab: Sleeping          |    20 |    12 ||    32
       Confused          |       |     1 ||     1
  Eat: Corpse            |     3 |       ||     3
Armor: Robe              |    20 |     8 ||    28
Dodge: Dodged            |    60 |    30 ||    90
